 Dungeon Crawl Stone Soup version 0.21.1-1-g345015fe64 (webtiles) character file.

277004 Jerry the Executioner (level 21, -3/172 HPs)
             Began as a Formicid Fighter on Feb 17, 2018.
             Was an Initiate of Gozag.
             Slain by a phantasmal warrior (20 damage)
             ... on level 1 of the Depths on Feb 18, 2018.
             The game lasted 02:49:11 (36280 turns).

Jerry the Executioner (Formicid Fighter)           Turns: 36280, Time: 02:49:11

Health: -3/172     AC: 39    Str: 25      XL:     21   Next: 24%
Magic:  21/21      EV: 11    Int: 17 (18) God:    Gozag
Gold:   1292       SH: 13    Dex:  7      Spells: 8/20 levels left

rFire    + + .     SeeInvis +   j - +8 lance "Wyrmbane" {slay drac, rPois rF+ rC+ AC+3}
rCold    + + +     Gourm    .   q - +0 shield {rF+}
rNeg     + + +     Faith    .   N - +9 plate armour of the Iron Devil {rN+ MR++ Regen+ Str-2}
rPois    +         Spirit   .   (helmet unavailable)
rElec    +         Reflect  .   P - +2 cloak {rPois}
rCorr    +         Harm     .   C - +0 pair of gloves
MR       +++..                  a - +2 pair of boots {run}
Stlth    ..........             Y - amulet of Midnight {rElec MR- Regen+ Str+6 Slay+2}
HPRegen  1.18/turn              V - ring "Zaetar" {*Tele rC++ rN++ Dex-3}
MPRegen  0.17/turn              T - ring of resist corrosion

@: gold aura, quick
A: permanent stasis, dig shafts and tunnels, four strong arms, antennae 3
}: 2/15 runes: serpentine, barnacled
a: Dig, Shaft Self, Potion Petition, Call Merchant, Bribe Branch, Renounce
Religion


You were on level 1 of the Depths.
You worshipped Gozag.
Gozag was most pleased with you.
You were not hungry.

You visited 7 branches of the dungeon, and saw 33 of its levels.
You visited 1 bazaar.
You also visited: Labyrinth, Ice Cave and Volcano.

You collected 15229 gold pieces.
You spent 9497 gold pieces at shops.
You paid 4440 gold pieces to Gozag.

Inventory:

Hand Weapons
 d - the +6 war axe of Dithmenos's Approval {chop, +Fly rPois rN+ MP-9 Dex+2}
   (You bought it in a shop on level 2 of the Snake Pit)

   It inflicts extra damage upon your enemies.
   It affects your dexterity (+2).
   It protects you from poison.
   It protects you from negative energy.
   It affects your magic capacity (-9).
   It lets you fly.
 j - the +8 lance "Wyrmbane" (weapon) {slay drac, rPois rF+ rC+ AC+3}
   (You bought it in a shop on level 3 of the Lair of Beasts)

   It affects your AC (+3).
   It protects you from fire.
   It protects you from cold.
   It protects you from poison.
Armour
 a - a +2 pair of boots of running (worn)
 q - a +0 shield of fire resistance (worn)
 C - a +0 pair of gloves (worn)
 N - the +9 plate armour of the Iron Devil (worn) {rN+ MR++ Regen+ Str-2}
   (You bought it in a shop on level 8 of the Dungeon)

   It affects your strength (-2).
   It protects you from negative energy.
   It affects your resistance to hostile enchantments.
   It increases your rate of regeneration.
 P - a +2 cloak of poison resistance (worn)
Jewellery
 o - an uncursed ring of protection from cold
 u - an uncursed ring of protection from fire
 T - a ring of resist corrosion (right hand)
 V - the ring "Zaetar" (left hand) {*Tele rC++ rN++ Dex-3}
   (You bought it in a shop on level 12 of the Dungeon)

   [ring of teleportation]

   It may teleport you next to monsters.
   It affects your dexterity (-3).
   It greatly protects you from cold.
   It greatly protects you from negative energy.
 Y - the amulet of Midnight (around neck) {rElec MR- Regen+ Str+6 Slay+2}
   (You bought it in a shop on level 6 of the Lair of Beasts)

   [amulet of regeneration]

   It affects your strength (+6).
   It affects your accuracy and damage with ranged weapons and melee attacks
   (+2).
   It insulates you from electricity.
   It affects your resistance to hostile enchantments.
   It increases your rate of regeneration.
Wands
 g - a wand of iceblast (62)
 p - a wand of flame (54)
 r - a wand of scattershot (2)
 w - a wand of acid (8)
 A - a wand of paralysis (84)
 G - a wand of random effects (97)
 I - a wand of disintegration (32)
 J - a wand of polymorph (51)
 O - a wand of enslavement (28)
 X - a wand of digging (50)
Scrolls
 b - 2 scrolls of identify
 c - 7 scrolls of fear
 m - 12 scrolls of remove curse
 s - 2 scrolls of enchant armour
 y - a scroll of torment
 B - 2 scrolls of fog
 F - 2 scrolls of enchant weapon
 Q - a scroll of brand weapon
 R - a scroll of silence
 Z - 3 scrolls of amnesia
Potions
 e - 3 potions of ambrosia
 h - 3 potions of resistance
 i - 4 potions of flight
 k - 21 potions of curing
 l - 3 potions of heal wounds
 t - 3 potions of mutation
 v - 3 potions of magic
 z - 3 potions of cancellation
 D - 5 potions of agility
 E - 3 potions of might
 H - 3 potions of brilliance
 M - a potion of invisibility
Books
 x - a book of Death

   Spells                             Type                      Level
   a - Corpse Rot                     Necromancy                   2
   b - Sublimation of Blood           Necromancy                   2
   c - Agony                          Necromancy                   5
   d - Dispel Undead                  Necromancy                   5
   e - Excruciating Wounds            Charms/Necromancy            5
   f - Bolt of Draining               Conjuration/Necromancy       5
Comestibles
 f - 53 rations


   Skills:
 + Level 16.5 Fighting
 * Level 21.6 Axes
 + Level 17.1 Armour
 + Level 9.6 Dodging
 + Level 14.5 Shields


You had 8 spell levels left.
You knew the following spells:

 Your Spells              Type           Power        Failure   Level  Hunger
a - Swiftness             Chrm/Air       #.......     92%         2    ###....
b - Animate Dead          Necr           N/A          100%        4    #####..
c - Statue Form           Tmut/Erth      #........    100%        6    #######


Dungeon Overview and Level Annotations

Branches:
Dungeon (15/15)            Temple (0/1) D:6            Lair (6/6) D:9
 Shoals (4/4) Lair:2        Snake (4/4) Lair:3        Slime (0/5) Lair:6
    Orc (2/2) D:12            Elf (1/3) Orc:2        Vaults (0/5) D:13
 Depths (1/5) D:15

Altars:
Ashenzari
Cheibriados
Dithmenos
Fedhas
Gozag
Hepliaklqana
Makhleb
Nemelex Xobeh
Okawaru
Qazlal
Ru
Sif Muna
Uskayaw
Yredelemnul
The Shining One
Beogh

Shops:
D:4 *   D:6 :%   D:7 :[*   D:8 *   D:12 =(=   D:14 :   D:15 ?   Orc:2 }[*[
Elf:1 %   Lair:3 (   Lair:6 =   Shoals:4 %   Snake:2 (![

Portals:
Hell: Depths:1
Trove: D:11 (give +2 storm dragon scales)


Innate Abilities, Weirdness & Mutations

You cannot be hasted, slowed, berserked, paralysed or teleported.
You can dig through walls and to a lower floor.
Your four strong arms can wield two-handed weapons with a shield.
You have a pair of large antennae on your head. (SInv)


Message History

The phantasmal warrior barely misses you.
You puncture the centaur warrior!
The centaur warrior is severely wounded.
You block the deep troll's attack. The deep troll completely misses you.
The deep troll misses you.
The deep troll is distracted by the nearby gold. x2
You block the vampire knight's attack.
The vampire knight bites you but does no damage.
The deep troll shouts!
You puncture the centaur warrior!
You kill the centaur warrior!
You block the phantasmal warrior's attack.
The deep troll bites you but does no damage.
The deep troll claws you.
* * * LOW HITPOINT WARNING * * *
The deep troll misses you.
The deep troll is distracted by the nearby gold.
You block the frost giant's attack. The phantasmal warrior hits you!!
You die...
Your body crumbles into a pile of gold.

..##.....####..!..... #..
.##..#+#.####........ #.#
##..##......))..>.... #.# ####
#...##.#....()#####+###.#####..##
.........#((..........#.##c.T(T.#
.#######.#(##.####.T..C..(T....c.
.........#(##...ccT(..T...#...8c(
##########.....$WCc..#######{...c
....# #.##..#@WT.## ##.Tc# ###.#
###.##..VTT#.# ###C# # #.#
#...##(....#.# #{T #.#
#.####...###.# {{#. #.#
#.......## #.# { { #
#########...## #.# .W #.....'..#
..# #.####### {{ $


You could see a frost giant, an iron troll, a vampire knight (invisible), an
ettin, 5 deep trolls, 2 phantasmal warriors and 3 centaurs.

Vanquished Creatures
  2 krakens
  Gastronok (Lair:1)
  A sphinx (Depths:1)
  Polyphemus (Shoals:3)
  Kirke (D:15)
  Donald (Shoals:1)
  9 nagarajas
  Ilsuiw (Shoals:4)
  Roxanne (Shoals:1)
  2 frost giants
  The ghost of Peloso the Peltast, a journeyman MiFi of Okawaru (Elf:1)
  A deep elf sorcerer (Elf:1)
  2 stone giants (Depths:1)
  A dire elephant (Lair:6)
  A deep elf death mage (Elf:1)
  3 merfolk javelineers (Shoals:4)
  A minotaur (Lab)
  A fire dragon (D:15)
  3 merfolk impalers
  Erolcha (D:10)
  11 naga warriors
  5 hydras
  4 centaur warriors
  A vault guard (D:11)
  6 merfolk avatars
  4 anacondas
  2 catoblepae
  An ogre mage (Depths:1)
  6 two-headed ogres
  An alligator snapping turtle (Shoals:4)
  Erica (D:7)
  6 merfolk aquamancers
  A deep troll shaman (Depths:1)
  A death knight (D:13)
  2 deep troll earth magi (Depths:1)
  A vampire mage (D:15)
  An orc high priest (Orc:2)
  6 tengu warriors
  9 death yaks
  3 shock serpents (Snake:2)
  12 naga sharpshooters
  3 deep elf knights (Elf:1)
  3 salamander mystics
  3 skeletal warriors
  9 sea snakes
  A deep troll (Depths:1)
  A storm dragon skeleton (D:15)
  6 deep elf archers (Elf:1)
  A spark wasp zombie (D:15)
  A glowing orange brain (Depths:1)
  5 unseen horrors
  3 orc knights
  A lindwurm (Lair:5)
  14 naga ritualists
  6 oklob plants
  19 deep elf magi
  A wizard (D:13)
  8 harpies
  3 necromancers
  10 mana vipers
  10 ugly things
  4 orc sorcerers (Orc:2)
  7 manticores
  11 salamanders
  5 slime creatures (Depths:1)
  7 cyclopes
  4 fauns
  Joseph (D:8)
  2 elephants (Lair:6)
  A centaur zombie (D:14)
  8 merfolk sirens
  Maurice (D:9)
  45 black mambas
  2 gargoyles
  A frost giant skeleton (D:15)
  An ice statue (IceCv)
  19 naga magi
  A torpor snail (Lair:6)
  4 water nymphs
  2 orange demons (D:11)
  11 spiny frogs
  7 rime drakes
  An efreet (D:14)
  A kobold demonologist (D:13)
  8 yaktaurs (Depths:1)
  3 red devils (D:11)
  2 tengu conjurers
  6 komodo dragons
  15 polar bears
  8 trolls
  A wind drake (Shoals:1)
  18 merfolk
  2 hornets
  11 hippogriffs
  Grinder (D:3)
  17 dream sheep
  11 snapping turtles
  13 blink frogs
  A vampire (D:15)
  6 water elementals
  An air elemental (Elf:1)
  9 wyverns
  2 redbacks (Lab)
  A spriggan (D:9)
  70 yaks
  A hungry ghost (D:15)
  Eustachio (D:5)
  A fire elemental (Elf:1)
  7 basilisks
  A yak (shapeshifter) (D:13)
  3 hogs (D:15)
  4 fire bats (Volcano)
  3 steam dragons
  41 nagas
  5 wargs
  2 soldier ants
  12 porcupines
  9 water moccasins
  An acid dragon (D:12)
  An eye of draining (D:7)
  6 ice beasts
  2 sky beasts (shapeshifter)
  21 orc warriors
  4 sky beasts
  A necrophage (D:10)
  A black bear (shapeshifter) (Elf:1)
  6 centaurs
  21 wolves
  14 ogres
  A phantom (D:5)
  14 crocodiles
  2 big kobolds
  16 bullfrogs
  2 wyvern skeletons
  6 scorpions
  4 killer bees (D:8)
  11 wights
  6 howler monkeys
  3 crimson imps
  A bullfrog zombie (D:6)
  A quasit (D:15)
  7 centaur skeletons
  5 jellies
  20 orc priests
  A gnoll shaman (D:3)
  6 hounds
  23 orc wizards
  3 bullfrog skeletons
  4 iguanas
  9 worker ants
  A bullfrog simulacrum (D:8)
  A hound zombie (D:5)
  A worker ant zombie (D:6)
  Robin (D:2)
  9 gnolls
  8 adders
  3 shadow imps
  A white imp (D:8)
  An ufetubus (D:8)
  2 oozes
  2 adder skeletons
  An adder zombie (D:5)
  2 worms (D:2)
  5 dart slugs
  4 leopard geckos
  59 orcs
  6 giant cockroaches
  2 gnoll zombies (D:4)
  14 goblins
  11 hobgoblins
  7 jackals
  15 kobolds
  A quokka (D:5)
  4 bats
  7 frilled lizards
  A leopard gecko zombie (D:5)
  9 rats
  2 butterflies (Lair:2)
  7 fungi
  15 plants
  6 tentacles
  A withered plant (D:15)
1101 creatures vanquished.

Vanquished Creatures (collateral kills)
  A nagaraja (Snake:2)
  An orc warlord (Orc:2)
  5 merfolk javelineers
  Snorg (Lair:4)
  A fire dragon (Volcano)
  A merfolk impaler (Shoals:3)
  3 naga warriors
  3 hydras
  An anaconda (Snake:2)
  A merfolk aquamancer (Shoals:4)
  A two-headed ogre (D:13)
  A death yak (Shoals:3)
  A shock serpent (Snake:3)
  A tengu warrior (D:15)
  A deep elf knight (Elf:1)
  A sea snake (Shoals:4)
  A deep elf archer (Elf:1)
  5 deep elf magi
  3 harpies (Shoals:4)
  2 lindwurms (Lair:6)
  An oklob plant (Lair:6)
  A mana viper (Snake:2)
  An orc knight (Orc:1)
  An ugly thing (D:15)
  A salamander (Snake:2)
  3 manticores
  3 cyclopes
  2 fauns (Shoals:1)
  A merfolk siren (Shoals:3)
  5 naga magi
  A spiny frog (Lair:4)
  A water nymph (Shoals:4)
  7 black mambas
  An orange demon (D:11)
  A guardian serpent (Snake:2)
  A gargoyle (D:15)
  A rime drake (IceCv)
  2 yaktaurs (D:13)
  2 komodo dragons
  A kobold demonologist (D:14)
  4 polar bears
  6 merfolk
  A troll (Orc:2)
  3 wind drakes
  A hornet (D:11)
  A blink frog (Lair:6)
  6 dream sheep
  2 snapping turtles (Shoals:4)
  A hippogriff (Lair:3)
  A centaur simulacrum (D:13)
  2 water elementals
  2 wyverns
  10 yaks
  A wraith (D:10)
  A fire bat (Volcano)
  A hungry ghost (D:10)
  A soldier ant (shapeshifter) (D:14)
  A warg (D:15)
  A human zombie (D:15)
  6 nagas
  A porcupine (Lair:3)
  A water moccasin (Lair:5)
  5 orc warriors (Orc:2)
  2 ogres (Orc:2)
  4 crocodiles
  A bullfrog (Lair:4)
  2 wights
  An electric eel (Lair:2)
  A quasit (D:11)
  A jelly (D:10)
  8 orc wizards
  An orc priest (Orc:2)
  An iguana (D:10)
  A worker ant (D:11)
  2 shadow imps
  6 orcs
  A goblin (D:12)
  A hobgoblin (D:12)
  A kobold (D:10)
  A bush (Lair:2)
  A fungus (Orc:2)
  6 plants
  A tentacle (Shoals:4)
174 creatures vanquished.

Vanquished Creatures (others)
  5 dancing weapons (Elf:1)
  A deep elf mage (Elf:1)
  A naga mage (Snake:4)
  A naga (Snake:2)
  A wolf (IceCv)
  8 fungi
  10 plants
  5 tentacles
  3 withered plants (D:15)
35 creatures vanquished.

Grand Total: 1310 creatures vanquished

Notes
Turn   | Place    | Note
-------+----------+-------------------------------------------
     0 | D:1      | Jerry the Formicid Fighter began the quest for the Orb.
     0 | D:1      | Reached XP level 1. HP: 18/18 MP: 1/1
   321 | D:1      | Reached XP level 2. HP: 24/24 MP: 2/2
   596 | D:1      | Reached XP level 3. HP: 20/29 MP: 3/3
  1181 | D:2      | Noticed Robin
  1192 | D:2      | Killed Robin
  1192 | D:2      | Reached XP level 4. HP: 29/36 MP: 4/4
  1267 | D:2      | Found an iron altar of Okawaru.
  1268 | D:2      | Found an opulent altar of Gozag.
  1516 | D:2      | Found a stormy altar of Qazlal.
  1587 | D:2      | Reached skill level 3 in Axes
  2027 | D:2      | Became a worshipper of Gozag Ym Sagoz the Greedy
  2358 | D:3      | Noticed Grinder
  2377 | D:3      | Killed Grinder
  2377 | D:3      | Reached skill level 4 in Axes
  2377 | D:3      | Reached skill level 5 in Shields
  2377 | D:3      | Reached XP level 5. HP: 33/41 MP: 3/5
  2377 | D:3      | Reached XP level 6. HP: 38/47 MP: 3/6
  2536 | D:3      | Reached skill level 5 in Armour
  2536 | D:3      | Reached XP level 7. HP: 44/52 MP: 5/7
  2718 | D:4      | Reached skill level 5 in Axes
  2953 | D:4      | Found Lopnoax's Assorted Antiques.
  2958 | D:4      | Bought a ruby potion for 28 gold pieces
  2958 | D:4      | Bought a pearl ring for 160 gold pieces
  2964 | D:4      | Bought a scroll of identify for 64 gold pieces
  3131 | D:4      | Found a hazy altar of Hepliaklqana.
  3450 | D:4      | Found a deep blue altar of Sif Muna.
  3516 | D:4      | Found a basalt altar of Yredelemnul.
  3575 | D:5      | Entered Level 5 of the Dungeon
  3705 | D:5      | Reached XP level 8. HP: 17/59 MP: 2/8
  3940 | D:5      | Noticed Eustachio
  3948 | D:5      | Killed Eustachio
  3948 | D:5      | Reached skill level 6 in Axes
  4255 | D:5      | Reached skill level 7 in Axes
  4808 | D:6      | Found Niommoj's Book Shoppe.
  4836 | D:6      | Reached XP level 9. HP: 62/65 MP: 9/9
  5226 | D:6      | Found a staircase to the Ecumenical Temple.
  5286 | D:6      | Found Rimynapt's Food Shoppe.
  5289 | D:6      | Bought a ration for 60 gold pieces
  5289 | D:6      | Bought a ration for 60 gold pieces
  5289 | D:6      | Bought a ration for 60 gold pieces
  5289 | D:6      | Bought a ration for 60 gold pieces
  5289 | D:6      | Bought a ration for 60 gold pieces
  5289 | D:6      | Bought a ration for 60 gold pieces
  5289 | D:6      | Bought a ration for 60 gold pieces
  5868 | D:6      | Found a glowing golden altar of the Shining One.
  6138 | D:7      | Reached skill level 8 in Axes
  6142 | D:7      | Found a blossoming altar of Fedhas.
  6448 | D:7      | Found Muxah's Antique Armour Shop.
  6475 | D:7      | Found a sacrificial altar of Ru.
  6477 | D:7      | Found a shattered altar of Ashenzari.
  6650 | D:7      | Found Qunk's Assorted Antiques.
  6692 | D:7      | Reached skill level 5 in Fighting
  7137 | D:7      | Found a shadowy altar of Dithmenos.
  7147 | D:7      | Found a blossoming altar of Fedhas.
  7171 | D:7      | Found Illuis's Book Shoppe.
  7551 | D:8      | Reached XP level 10. HP: 69/74 MP: 8/10
  7577 | D:8      | Reached skill level 9 in Axes
  7718 | D:7      | Bought an ancient chain mail for 275 gold pieces
  7718 | D:7      | Identified the +6 chain mail of Unambiguity {rCorr Str+4 Stlth+} (You bought it in a shop on level 7 of the Dungeon)
  7780 | D:8      | Noticed Erica
  7814 | D:7      | Killed Erica
  7950 | D:7      | Reached skill level 10 in Axes
  8296 | D:8      | Found Poluh's Assorted Antiques.
  8349 | D:8      | Noticed Joseph
  8384 | D:8      | Killed Joseph
  8450 | D:8      | Found a snail-covered altar of Cheibriados.
  8557 | D:9      | Noticed an unseen horror
  8568 | D:9      | Killed an unseen horror
  8568 | D:9      | Reached XP level 11. HP: 84/84 MP: 11/11
  8880 | D:9      | Reached skill level 11 in Axes
  9061 | D:9      | Noticed a centaur warrior
  9061 | D:9      | Noticed an eight-headed hydra
  9062 | D:9      | Found a staircase to the Lair.
  9076 | D:9      | Found the cursed +14 obsidian axe {chop, +Fly SInv *Curse}
  9084 | D:9      | Noticed a six-headed hydra
  9290 | D:9      | Noticed Maurice
  9309 | D:9      | Killed Maurice
  9586 | Lair:1   | Entered Level 1 of the Lair of Beasts
  9663 | Lair:1   | Noticed Gastronok
 10051 | Lair:1   | Killed Gastronok
 10051 | Lair:1   | Reached skill level 12 in Axes
 10051 | Lair:1   | Reached skill level 10 in Armour
 10429 | Lair:1   | Reached XP level 12. HP: 85/94 MP: 12/12
 11143 | D:9      | Killed a one-headed hydra
 11152 | D:9      | Killed a two-headed hydra
 11174 | D:9      | Killed a centaur warrior
 11174 | D:9      | Reached skill level 13 in Axes
 11686 | Lair:2   | Found a dark tunnel.
 11691 | Volcano  | Entered a volcano
 11696 | Volcano  | Noticed a two-headed ogre
 11696 | Volcano  | Noticed a two-headed ogre
 11704 | Volcano  | Killed a two-headed ogre
 11704 | Volcano  | Reached skill level 10 in Fighting
 11708 | Volcano  | Killed a two-headed ogre
 11732 | Volcano  | Noticed a two-headed ogre
 11736 | Volcano  | Killed a two-headed ogre
 11745 | Volcano  | Reached XP level 13. HP: 93/103 MP: 13/13
 11823 | Volcano  | Reached skill level 14 in Axes
 11995 | Volcano  | Noticed a fire dragon
 12002 | Volcano  | Killed a fire dragon
 12748 | Lair:2   | Noticed a seven-headed hydra
 12753 | Lair:2   | Killed an eight-headed hydra
 12985 | Lair:2   | Found a staircase to the Shoals.
 13486 | Lair:2   | Got a fine chain mail
 13732 | Lair:3   | Found a frozen archway.
 13739 | Lair:3   | Reached skill level 15 in Axes
 13760 | IceCv    | Entered an ice cave
 14031 | IceCv    | Reached XP level 14. HP: 109/113 MP: 14/14
 15264 | IceCv    | Noticed a frost giant
 15278 | IceCv    | Killed a frost giant
 15719 | Lair:3   | Found a staircase to the Snake Pit.
 16195 | D:4      | Bought a scroll of identify for 64 gold pieces
 16195 | D:4      | Bought a potion of might for 128 gold pieces
 16285 | D:7      | Bought a scroll of identify for 60 gold pieces
 16285 | D:7      | Bought a scroll of remove curse for 90 gold pieces
 16285 | D:7      | Bought a scroll of identify for 60 gold pieces
 16285 | D:7      | Bought a scroll of identify for 60 gold pieces
 16285 | D:7      | Bought a potion of agility for 120 gold pieces
 16285 | D:7      | Bought a scroll labeled DUFRIL ALIMIC for 30 gold pieces
 16285 | D:7      | Bought a scroll of remove curse for 90 gold pieces
 16287 | D:7      | Identified the cursed +0 chain mail of Dishonesty {*Corrode Str+5} (You found it on level 2 of the Lair of Beasts)
 16371 | D:8      | Bought an ancient plate armour for 728 gold pieces
 16372 | D:8      | Identified the +9 plate armour of the Iron Devil {rN+ MR++ Regen+ Str-2} (You bought it in a shop on level 8 of the Dungeon)
 16474 | D:6      | Bought a ration for 60 gold pieces
 16474 | D:6      | Bought a ration for 60 gold pieces
 16474 | D:6      | Bought a ration for 60 gold pieces
 16474 | D:6      | Bought a ration for 60 gold pieces
 16742 | Lair:4   | Reached skill level 16 in Axes
 16864 | Lair:4   | Noticed Snorg
 16872 | Lair:4   | Killed Snorg
 17926 | Lair:6   | Entered Level 6 of the Lair of Beasts
 18134 | Lair:6   | Found a labyrinth entrance.
 18143 | Lab      | Entered a labyrinth
 18370 | Lab      | Reached XP level 15. HP: 122/122 MP: 15/15
 18378 | Lab      | Identified the Papyrus of Toxins
 18763 | Lair:6   | Found a staircase to the Slime Pits.
 19103 | Lair:6   | Reached skill level 17 in Axes
 19465 | Lair:6   | Bought the amulet of Midnight {rElec MR- Regen+ Str+6 Slay+2} for 1094 gold pieces
 19599 | Lair:4   | Reached XP level 16. HP: 126/131 MP: 16/16
 19670 | D:10     | Entered Level 10 of the Dungeon
 19725 | D:10     | You fall through a shaft for 3 floors!
 19845 | D:13     | Reached skill level 18 in Axes
 19851 | D:13     | Reached skill level 1 in Dodging
 19923 | D:13     | Found a burning altar of Makhleb.
 20380 | D:12     | Found a staircase to the Orcish Mines.
 20603 | D:12     | Found a sparkling altar of Nemelex Xobeh.
 20637 | D:12     | Learned a level 2 spell: Swiftness
 20642 | D:12     | Learned a level 4 spell: Animate Dead
 20649 | D:12     | Learned a level 6 spell: Statue Form
 21151 | D:11     | Found a portal to a secret trove of treasure.
 21786 | D:10     | Noticed Erolcha
 21789 | D:10     | Killed Erolcha
 21895 | D:10     | Reached XP level 17. HP: 138/138 MP: 17/17
 22348 | D:13     | Reached skill level 10 in Shields
 22356 | D:13     | Found a gate to the Vaults.
 23129 | D:14     | Found Lych's Book Boutique.
 23326 | D:14     | Found an iron altar of Okawaru.
 23641 | D:15     | Entered Level 15 of the Dungeon
 23808 | D:15     | Found Useuth's Magic Scroll Emporium.
 23840 | D:15     | Bought a scroll of remove curse for 33 gold pieces
 23840 | D:15     | Bought a scroll of identify for 22 gold pieces
 23952 | D:15     | Found a staircase to the Depths.
 24212 | D:15     | Noticed Kirke
 24221 | D:15     | Killed Kirke
 24395 | D:15     | Reached skill level 19 in Axes
 24770 | Orc:1    | Entered Level 1 of the Orcish Mines
 25137 | Orc:1    | Found a roughly hewn altar of Beogh.
 25257 | Orc:2    | Entered Level 2 of the Orcish Mines
 25267 | Orc:2    | Reached skill level 15 in Armour
 25285 | Orc:2    | Found a staircase to the Elven Halls.
 25527 | Orc:2    | Reached skill level 5 in Dodging
 25528 | Orc:2    | Found Wuugrey's Antique Armour Shoppe.
 25528 | Orc:2    | Found Vusyxof's Armour Emporium.
 25528 | Orc:2    | Found Tejym's General Store.
 25604 | Orc:2    | Found Piuv's Gadget Shoppe.
 25609 | Orc:2    | Bought a scroll of silence for 97 gold pieces
 25609 | Orc:2    | Bought a ration for 65 gold pieces
 25951 | Elf:1    | Entered Level 1 of the Elven Halls
 26056 | Elf:1    | Found Ler Gikh's Food Boutique.
 26105 | Elf:1    | Bought a ration for 70 gold pieces
 26105 | Elf:1    | Bought a ration for 70 gold pieces
 26105 | Elf:1    | Bought a ration for 70 gold pieces
 26105 | Elf:1    | Bought a ration for 70 gold pieces
 26105 | Elf:1    | Bought a ration for 70 gold pieces
 26105 | Elf:1    | Bought a ration for 70 gold pieces
 26105 | Elf:1    | Bought a ration for 70 gold pieces
 26105 | Elf:1    | Bought a ration for 70 gold pieces
 26105 | Elf:1    | Bought a ration for 70 gold pieces
 26105 | Elf:1    | Bought a ration for 70 gold pieces
 26105 | Elf:1    | Bought a ration for 70 gold pieces
 26138 | Elf:1    | Reached XP level 18. HP: 137/147 MP: 18/18
 26651 | Elf:1    | Noticed Peloso's ghost (journeyman MiFi)
 26665 | Elf:1    | Killed Peloso's ghost
 27011 | D:12     | Bought the ring "Zaetar" {*Tele rC++ rN++ Dex-3} for 579 gold pieces
 27157 | Snake:1  | Entered Level 1 of the Snake Pit
 27757 | Snake:1  | Found a flickering gateway to a bazaar.
 27766 | Bazaar   | Entered a bazaar
 27768 | Bazaar   | Found Juvich's General Store.
 27771 | Bazaar   | Found Poetoryutz's Book Boutique.
 27773 | Bazaar   | Found Noun's Jewellery Boutique.
 27773 | Bazaar   | Found Kanoyni's Book Boutique.
 27806 | Bazaar   | Bought a scroll of acquirement for 520 gold pieces
 27806 | Bazaar   | Bought a scroll of acquirement for 520 gold pieces
 27806 | Bazaar   | Bought a ration for 50 gold pieces
 27806 | Bazaar   | Bought a ration for 50 gold pieces
 27806 | Bazaar   | Bought a ration for 50 gold pieces
 27969 | Snake:1  | Identified a +2 pair of boots of running (You acquired it on level 1 of the Snake Pit)
 28019 | Shoals:1 | Entered Level 1 of the Shoals
 28019 | Shoals:1 | Noticed Donald
 28041 | Shoals:1 | Killed Donald
 28091 | Shoals:1 | Got an ancient plate armour
 28093 | Shoals:1 | Identified the +4 plate armour of the Other Side {+Blink Int+4} (You found it on level 1 of the Shoals)
 28318 | Shoals:1 | Noticed Roxanne
 28335 | Shoals:1 | Killed Roxanne
 28335 | Shoals:1 | Reached skill level 15 in Fighting
 29025 | Shoals:2 | Reached skill level 20 in Axes
 29179 | Shoals:2 | Noticed a kraken
 29186 | Shoals:2 | Killed a kraken
 29186 | Shoals:2 | Reached XP level 19. HP: 154/155 MP: 19/19
 29880 | Shoals:3 | Noticed Polyphemus
 29891 | Shoals:3 | Killed Polyphemus
 30130 | Shoals:4 | Entered Level 4 of the Shoals
 30137 | Shoals:4 | Noticed Ilsuiw
 30158 | Shoals:4 | Killed Ilsuiw
 30432 | Shoals:4 | Found Teraor's Food Shoppe.
 30435 | Shoals:4 | Bought a ration for 60 gold pieces
 30435 | Shoals:4 | Bought a ration for 60 gold pieces
 30435 | Shoals:4 | Bought a ration for 60 gold pieces
 30435 | Shoals:4 | Bought a ration for 60 gold pieces
 30435 | Shoals:4 | Bought a ration for 60 gold pieces
 30435 | Shoals:4 | Bought a ration for 60 gold pieces
 30435 | Shoals:4 | Bought a ration for 60 gold pieces
 30435 | Shoals:4 | Bought a ration for 60 gold pieces
 30435 | Shoals:4 | Bought a ration for 60 gold pieces
 30435 | Shoals:4 | Bought a ration for 60 gold pieces
 30435 | Shoals:4 | Bought a ration for 60 gold pieces
 30435 | Shoals:4 | Bought a ration for 60 gold pieces
 31270 | Shoals:4 | Got a barnacled rune of Zot
 31562 | Shoals:4 | Got a faintly glowing hunting sling
 31563 | Shoals:4 | Identified the +4 hunting sling "Kimidgh" {velocity, rElec rC++ Str-5 Dex+4} (You found it on level 4 of the Shoals)
 32045 | Snake:2  | Found Gashod's Antique Armour Emporium.
 32064 | Snake:2  | Reached XP level 20. HP: 161/164 MP: 20/20
 32372 | Snake:2  | Found a hide-covered altar of Uskayaw.
 32475 | Snake:2  | Found Sitausho's Antique Weapon Emporium.
 32475 | Snake:2  | Found Lisuj's Distillery.
 32483 | Snake:2  | Bought an ebony war axe for 323 gold pieces
 32483 | Snake:2  | Identified the +6 war axe of Dithmenos's Approval {chop, +Fly rPois rN+ MP-9 Dex+2} (You bought it in a shop on level 2 of the Snake Pit)
 32486 | Snake:2  | Bought a potion of agility for 60 gold pieces
 32486 | Snake:2  | Bought a potion of resistance for 150 gold pieces
 33504 | Snake:3  | Reached skill level 21 in Axes
 33855 | Snake:4  | Entered Level 4 of the Snake Pit
 34964 | Snake:4  | Got a serpentine rune of Zot
 35064 | Snake:4  | Reached XP level 21. HP: 119/172 MP: 12/21
 35494 | Lair:3   | Bought the +8 lance "Wyrmbane" {slay drac, rPois rF+ rC+ AC+3} for 1777 gold pieces
 35494 | Lair:3   | Found the +8 lance "Wyrmbane" {slay drac, rPois rF+ rC+ AC+3}
 35688 | Depths:1 | Entered Level 1 of the Depths
 35939 | Depths:1 | Found a gateway to Hell.
 36136 | Depths:1 | Found a glowing golden altar of the Shining One.
 36280 | Depths:1 | Slain by a phantasmal warrior

Skill      XL: |  1  2  3  4  5  6  7  8  9 10 11 12 13 14 15 16 17 18 19 20 |
---------------+-------------------------------------------------------------+-----
Shields        | 4 5 6 7 8 9 11 12 13 14 | 14.5
Armour         | 4 5 6 7 8 10 11 12 13 14 15 16 17 | 17.1
Axes           | 4 5 7 8 10 12 13 15 16 17 18 19 20 21 | 21.6
Fighting       | 5 7 8 10 11 12 13 14 15 16 | 16.5
Dodging        | 3 5 6 8 9 |  9.6

Action                   |  1- 3 |  4- 6 |  7- 9 | 10-12 | 13-15 | 16-18 | 19-21 || total
-------------------------+-------+-------+-------+-------+-------+-------+-------++-------
Melee: War axe           |    94 |    73 |   358 |       |       |       |   165 ||   690
       Hand axe          |       |       |    31 |   573 |       |       |       ||   604
       Unarmed           |       |       |       |    14 |       |       |       ||    14
       Broad axe         |       |       |       |    21 |   492 |   935 |   596 ||  2044
       Lance             |       |       |       |       |       |       |   234 ||   234
Invok: Call Merchant     |       |       |       |       |     1 |     3 |     1 ||     5
 Abil: Dig               |       |       |     1 |     2 |     9 |     2 |     2 ||    16
       Evoke Flight      |       |       |       |       |       |    15 |    32 ||    47
Evoke: Wand              |       |       |       |       |    14 |       |       ||    14
  Use: Scroll            |       |     2 |     4 |    23 |     8 |    12 |     4 ||    53
       Potion            |       |     1 |     1 |     4 |     3 |       |       ||     9
 Stab: Distracted        |       |       |       |     1 |     5 |    11 |     8 ||    25
       Petrified         |       |       |       |       |       |       |     7 ||     7
  Eat: Chunk             |     1 |     2 |       |       |       |       |       ||     3
       Ration            |       |     1 |     5 |     4 |     8 |    10 |     8 ||    36
Armor: Scale mail        |    48 |    23 |    93 |     8 |       |       |       ||   172
       Chain mail        |       |       |       |   183 |    99 |       |       ||   282
       Plate armour      |       |       |       |       |   113 |   384 |   506 ||  1003
Dodge: Dodged            |    34 |     8 |   103 |   102 |    85 |   198 |   288 ||   818
Block: Shield            |    65 |    43 |   164 |   244 |   173 |   383 |   538 ||  1610
